 Dungeon Crawl Stone Soup version 0.29.1-12-g30fa7ad0bf (webtiles) character file.

Game seed: 3682937263001219852

73174 wormed the Blocker (level 15, -12/134 HPs)
             Began as a Demonspawn Fighter on Dec 21, 2022.
             Was the Champion of Okawaru.
             Mangled by Agnes
             ... wielding a +2 lajatang of pain
              (17 damage)
             ... on level 15 of the Dungeon.
             The game lasted 01:05:50 (24403 turns).

wormed the Blocker (Demonspawn Fighter)            Turns: 24403, Time: 01:05:50

Health: -12/134    AC: 18    Str: 36    XL:     15   Next: 3%
Magic:  0/22       EV:  6    Int: 10    God:    Okawaru [******]
Gold:   1267       SH: 28    Dex: 12    Spells: 14/14 levels left

rFire   + . .      SeeInvis +   v - +5 eveningstar (vorpal)
rCold   . . .      Faith    .   T - +5 tower shield of Tomorrow {Str+7}
rNeg    . . .      Spirit   +   w - +0 plate armour
rPois   +          Reflect  .   c - +2 hat {Will+}
rElec   .          Harm     .   (cloak unavailable)
rCorr   .          Rampage  .   W - +0 pair of gloves {Str+3}
Will    ++...      Rnd*Tele +   (no boots)
Stlth   ..........              (no amulet)
HPRegen 0.32/turn               k - ring of poison resistance
MPRegen 0.36/turn               m - ring of see invisible

@: about to teleport, hasted, very quick
A: large bone plates 2, powered by death 2, robust 1, magic shield, magic
regeneration, weakness stinger 3, hooves 1, fire resistance 1, strong 1,
teleportitis 1
a: Renounce Religion, Heroism, Finesse, Duel


You were on level 15 of the Dungeon.
You worshipped Okawaru.
Okawaru was exalted by your worship.
You visited 4 branches of the dungeon, and saw 22 of its levels.
You visited the Abyss 1 time.
You also visited: Sewer and Bailey.

You collected 1267 gold pieces.

Inventory:

Hand Weapons
 r - the +8 whip of Quantum Leap {freeze, rElec rPois Str-3 Dex+6}
   (You found it on level 2 of the Dungeon)

   It freezes those it strikes, dealing additional cold damage.
   It can also slow down cold-blooded creatures.
   Str:       It affects your strength (-3).
   Dex:       It affects your dexterity (+6).
   rElec:     It insulates you from electricity.
   rPois:     It protects you from poison.
 u - a +2 demon whip of venom
 v - a +5 vorpal eveningstar (weapon)
 V - the +3 Elemental Staff {rElec rF++ rC++ AC+5}
   (You found it on level 2 of the Lair of Beasts)

   If the wielder is skilled in Evocations, they can discharge powerful blasts
   of elemental energy when striking with it.
   It enhances your fire, ice, earth and air magic.
   AC:        It affects your AC (+5).
   rF:        It greatly protects you from fire.
   rC:        It greatly protects you from cold.
   rElec:     It insulates you from electricity.
Missiles
 O - 3 throwing nets (quivered)
Armour
 c - a +2 hat of willpower (worn)
 w - a +0 plate armour (worn)
 T - the +5 tower shield of Tomorrow (worn) {Str+7}
   (Okawaru gifted it to you on level 1 of the Lair of Beasts)

   Str:       It affects your strength (+7).
 W - a +0 pair of gloves of strength (worn)
Jewellery
 k - a ring of poison resistance (left hand)
 m - a ring of see invisible (right hand)
 H - a ring of flight
 P - an amulet of magic regeneration
 Q - an amulet of faith
 U - a ring of protection from cold
Wands
 h - a wand of flame (37)
 x - a wand of mindburst (22)
 A - a wand of polymorph (2)
 G - a wand of iceblast (25)
 I - a wand of quicksilver (14)
Scrolls
 f - 2 scrolls of silence
 g - 8 scrolls of teleportation
 l - 2 scrolls of vulnerability
 o - 2 scrolls of fog
 q - 2 scrolls of fear
 s - a scroll of identify
 y - 6 scrolls of amnesia
 C - 2 scrolls of magic mapping
 J - a scroll of brand weapon
 K - a scroll of summoning {unknown}
 L - 4 scrolls of immolation
 M - 6 scrolls of poison {unknown}
 R - a scroll of acquirement {unknown}
 S - a scroll of torment {unknown}
Potions
 a - a potion of attraction {unknown}
 b - 8 potions of curing
 d - 2 potions of might
 e - 2 potions of degeneration {unknown}
 i - 6 potions of haste
 j - 4 potions of flight
 n - 7 potions of magic
 p - 2 potions of ambrosia
 t - 7 potions of brilliance
 z - 3 potions of heal wounds
 D - 2 potions of invisibility
 E - 6 potions of resistance
 F - 6 potions of cancellation


   Skills:
 + Level 12.7 Fighting
 * Level 12.6 Maces & Flails
 + Level 11.6 Armour
 + Level 13.5 Shields
 - Level 10.0 Invocations


You had 14 spell levels left.
You didn't know any spells.
Your spell library contained the following spells:

 Spells                   Type           Power      Damage    Failure   Level
 Freeze                   Ice            0%         1d3       100%        1
 Ensorcelled Hibernation  Hex/Ice        0%         N/A       100%        2
 Passwall                 Tmut/Erth      0%         N/A       100%        2
 Static Discharge         Conj/Air       0%         3-3/arc   100%        2
 Frozen Ramparts          Ice            0%         1d1       100%        3
 Gell's Gravitas          Tloc           0%         N/A       100%        3
 Ozocubu's Armour         Ice            0%         N/A       100%        3
 Portal Projectile        Hex/Tloc       0%         N/A       100%        3
 Spider Form              Tmut/Pois      0%         N/A       100%        3
 Swiftness                Air            0%         N/A       100%        3
 Teleport Other           Tloc           0%         N/A       100%        3
 Anguish                  Hex/Necr       0%         N/A       100%        4
 Corpse Rot               Necr/Pois/Air  0%         N/A       100%        4
 Dispel Undead            Necr           0%         3d6       100%        4
 Hailstorm                Conj/Ice       0%         3d3       100%        4
 Leda's Liquefaction      Hex/Erth       0%         N/A       100%        4
 Passage of Golubria      Tloc           0%         N/A       100%        4
 Blade Hands              Tmut           0%         N/A       100%        5
 Lightning Bolt           Conj/Air       0%         1d11      100%        5
 Metabolic Englaciation   Hex/Ice        0%         N/A       100%        5
 Yara's Violent Unravell  Hex/Tmut       0%         3d3       100%        5
 Dispersal                Tloc           0%         N/A       100%        6
 Enfeeble                 Hex            0%         N/A       100%        7
 Maxwell's Capacitive Co  Air            0%         ∞         100%        8
 Call Canine Familiar     Summ           Unusable   N/A       N/A         3
 Tukima's Dance           Hex            Unusable   N/A       N/A         3
 Death Channel            Necr           Unusable   N/A       N/A         6
 Simulacrum               Ice/Necr       Unusable   N/A       N/A         6

Dungeon Overview and Level Annotations

Branches:
Dungeon (15/15)            Temple (1/1) D:4            Lair (5/5) D:11
 Shoals (0/4) Lair:2        Snake (0/4) Lair:2        Slime (0/5) Lair:4
    Orc (0/2) D:10         Vaults (0/5) D:14         Depths (1/4) D:15
  Sewer (visited)          Bailey (visited)

Altars:
Ashenzari
Cheibriados
Dithmenos
Fedhas
Gozag
Hepliaklqana
Kikubaaqudgha
Makhleb
Nemelex Xobeh
Okawaru
Qazlal
Ru
Sif Muna
Trog
Uskayaw
Vehumet
Wu Jian
Xom
Yredelemnul

Shops:
D:5 :   D:7 *   D:14 =

Annotations:
D:15 Agnes
Lair:1 exclusion: oklob plant
Lair:4 exclusion: 2 oklob plants
Lair:5 exclusion: obsidian statue


Innate Abilities, Weirdness & Mutations

You are mostly covered in large bone plates. (SH +6)
You regenerate health from kills.
You are robust. (+10% HP)
When hurt, damage is shared between your health and your magic reserves.
You regenerate magic rapidly.
You have a sharp stinger which inflicts weakening toxins.
You have large cloven feet.
Your flesh is heat resistant. (rF+)
Your muscles are strong. (Str +4, Int/Dex -1)
You are occasionally teleported next to monsters.


Message History

* * * LOW HITPOINT WARNING * * *
Press: ? - help, v - describe, . - travel, g - get item
Here: Agnes, wielding a +2 lajatang of pain and wearing a +0 robe (lightly wounded, unusually resistant) Item here: a shapeshifter corpse.
The floor, spattered with blood.
You feel yourself speed up.
Agnes hits you with a +2 lajatang of pain!
* * * LOW HITPOINT WARNING * * *
You writhe in agony.
* * * LOW HITPOINT WARNING * * *
Agnes asks, "Have you seen my kris anywhere?"
You block Agnes's attack.
The cyan ugly thing basks in the mutagenic energy from its kin and changes!
You block Agnes's attack. Agnes attacks as you move away!
You block Agnes's attack. You block Agnes's attack.
Agnes attacks as you move away!
Agnes hits you with a +2 lajatang of pain!
* * * LOW HITPOINT WARNING * * *
You writhe in agony.
* * * LOW HITPOINT WARNING * * *
As you read the scroll of fog, it crumbles to dust.
The scroll dissolves into smoke.
You block Agnes's attack.
You feel as though your hastened speed will last longer.
You block Agnes's attack. Agnes attacks as you move away!
You block Agnes's attack. Agnes barely misses you.
Agnes attacks as you move away! You block Agnes's attack.
Press: ? - help, v - describe, . - travel
Here: Agnes, wielding a +2 lajatang of pain and wearing a +0 robe (blue smoke, unusually resistant)
The floor.
Aiming: Polymorph
Press: ? - help, Shift-Dir - straight line, f - Agnes
Aim: Agnes, wielding a +2 lajatang of pain and wearing a +0 robe (blue smoke, unusually resistant, will become a swamp dragon, a dream sheep, or a glowing shapeshifter, chance to affect: 1%) Agnes resists with almost no effort.
You block Agnes's attack.
As you read the scroll of teleportation, it crumbles to dust.
You feel strangely unstable. You block Agnes's attack.
Agnes bows.
Agnes hits you with a +2 lajatang of pain!!
You die...

##########
#######.u†.u...#
#.......######.##
#.#####§#§§§§§..#
#....§@iu§##..#
...##§§#§#§##..#
#...#.#§##..#
#...§§§§......
##...#.#####.##
....#. .# ###.##.
.# #. ##


You could see Agnes (resistant) and a cyan ugly thing.

Vanquished Creatures
  Jorgrun (D:12)
  Gastronok (Lair:2)
  A tentacled starspawn (Abyss:3)
  A slime creature (D:12)
  Louise (D:14)
  A stone giant (D:15)
  The ghost of Fuivviy the Fighter, a journeyman PaAM of Zin (Lair:2)
  3 dire elephants (Lair:5)
  The ghost of cheesebisquit the Severer, a journeyman MiBe of Trog (D:11)
  Snorg (D:13)
  4 hydras
  4 vault guards (D:14)
  An ogre mage (D:15)
  7 two-headed ogres
  A catoblepas (Lair:2)
  Harold (D:9)
  Erica (D:10)
  3 centaur warriors (D:14)
  4 death yaks
  A wretched star (Abyss:3)
  Amaemon (Lair:3)
  Sonja (Lair:3)
  A fire crab (Lair:5)
  2 spectral death yaks (Lair:5)
  A sea snake (shapeshifter) (D:15)
  A spectral anaconda (Lair:5)
  A harpy (shapeshifter) (D:14)
  A wizard (D:15)
  A deep elf zephyrmancer (D:13)
  3 deep elf pyromancers
  3 necromancers (Lair:5)
  3 ugly things
  2 manticores
  Maurice (D:8)
  A cyclops (D:14)
  12 elephants
  3 black mambas
  2 centaur zombies (D:11)
  An orange demon (Lair:3)
  A smoke demon (Abyss:3)
  A gargoyle (D:13)
  10 cane toads
  Maggie (D:8)
  2 dire elephant skeletons (Lair:5)
  A rime drake (shapeshifter) (D:15)
  Psyche (D:9)
  4 starcursed masses (Abyss:3)
  5 komodo dragons
  A freezing wraith (D:15)
  3 trolls
  2 polar bears
  A wind drake (Lair:2)
  5 raiju (Abyss:3)
  Prince Ribbit (D:6)
  A spectral elephant (Lair:5)
  27 blink frogs
  Sigmund (D:6)
  A spriggan (shapeshifter) (D:12)
  3 shadows (D:10)
  7 humans (D:14)
  3 wyverns
  Eustachio (D:5)
  2 wraiths
  A basilisk (D:15)
  27 yaks
  2 death yak simulacra (Lair:5)
  A chaos spawn (Abyss:3)
  A neqoxec (Abyss:3)
  Grum (D:9)
  4 steam dragons
  2 large abominations (Abyss:3)
  5 nagas (Lair:2)
  10 water moccasins
  An acid dragon (D:12)
  7 orc warriors
  Duvessa (D:6)
  A sky beast (D:8)
  2 black bears
  An ice beast (D:5)
  12 centaurs
  8 wolves
  An elephant skeleton (Lair:5)
  4 kobold brigands
  13 bullfrogs
  2 necrophages
  3 scorpions
  5 wights (D:8)
  Dowan (D:6)
  An elephant simulacrum (Lair:5)
  3 vampire bats (D:5)
  An electric eel (Lair:2)
  5 howler monkeys
  Crazy Yiuf (D:3)
  7 hounds
  3 gnoll boudas
  16 orc priests
  A jelly (D:4)
  13 orc wizards
  3 iguanas
  2 small abominations (Abyss:3)
  25 gnolls
  7 adders
  2 white imps (D:5)
  2 worms
  2 dart slugs (D:4)
  47 orcs
  7 ball pythons
  2 bat skeletons (D:5)
  4 bat zombies (D:5)
  10 endoplasms
  4 giant cockroaches
  10 goblins
  5 hobgoblins
  7 jackals
  5 quokkas
  5 bats
  3 frilled lizards
  34 kobolds
  8 rats
  A lurking horror (Abyss:3)
527 creatures vanquished.

Vanquished Creatures (others)
  A human (D:14)
  A bush (Lair:3)
  18 fungi
  48 plants
  3 starspawn tentacles (Abyss:3)
  25 withered plants (Lair:5)
96 creatures vanquished.

Grand Total: 623 creatures vanquished

Notes
Turn   | Place    | Note
-------+----------+-------------------------------------------
     0 | D:1      | wormed the Demonspawn Fighter began the quest for the Orb.
     0 | D:1      | Reached XP level 1. HP: 18/18 MP: 1/1
   201 | D:1      | Gained mutation: You regenerate a little health from kills.
                  | [demonic ancestry]
   201 | D:1      | Reached XP level 2. HP: 3/24 MP: 2/2
  1075 | D:2      | Reached skill level 3 in Shields
  1075 | D:2      | Gained mutation: You regenerate magic rapidly. [demonic
                  | ancestry]
  1075 | D:2      | Reached XP level 3. HP: 14/29 MP: 3/3
  1285 | D:2      | Found a faded altar of an unknown god.
  2003 | D:1      | Gained mutation: You regenerate health from kills. [demonic
                  | ancestry]
  2003 | D:1      | Reached XP level 4. HP: 15/35 MP: 4/4
  2142 | D:2      | Identified the +8 whip of Quantum Leap {freeze, rElec rPois
                  | Str-3 Dex+6}
  2399 | D:3      | Gained mutation: You have a small tail. [demonic ancestry]
  2399 | D:3      | Reached XP level 5. HP: 29/42 MP: 5/5
  2916 | D:3      | Found a runed translucent door.
  2917 | D:3      | Noticed Crazy Yiuf
  3217 | D:3      | Killed Crazy Yiuf
  3343 | D:4      | Gained mutation: You have a tail ending in a sharp stinger.
                  | [demonic ancestry]
  3343 | D:4      | Reached XP level 6. HP: 36/48 MP: 6/6
  3594 | D:4      | Reached skill level 4 in Shields
  3630 | D:4      | Found a staircase to the Ecumenical Temple.
  3640 | Temple   | Entered the Ecumenical Temple
  3721 | D:4      | Gained mutation: When hurt, damage is shared between your
                  | health and your magic reserves. [demonic ancestry]
  3721 | D:4      | Reached XP level 7. HP: 55/55 MP: 7/7
  3747 | D:4      | Found a sand-covered staircase.
  3855 | D:4      | Found a burning altar of Makhleb.
  4113 | D:5      | Entered Level 5 of the Dungeon
  4124 | D:4      | Reached skill level 5 in Maces & Flails
  4165 | D:5      | Noticed Eustachio
  4364 | D:5      | Reached skill level 5 in Fighting
  4497 | D:5      | Reached XP level 8. HP: 62/62 MP: 8/8
  4514 | D:5      | Killed Eustachio
  4564 | D:5      | Found a basalt altar of Yredelemnul.
  4565 | D:5      | Found a hide-covered altar of Uskayaw.
  4579 | D:5      | Found a stormy altar of Qazlal.
  4580 | D:5      | Found an iron altar of Okawaru.
  4593 | D:5      | Became a worshipper of Warmaster Okawaru
  4632 | D:5      | Found a blossoming altar of Fedhas.
  4738 | D:5      | Found Vunekh's Tremendous Tomes.
  4818 | D:5      | Reached skill level 5 in Armour
  4833 | D:5      | Found an ancient bone altar of Kikubaaqudgha.
  4835 | D:5      | Reached skill level 5 in Shields
  5014 | D:6      | Noticed Sigmund
  5025 | D:6      | Killed Sigmund
  5108 | D:6      | Noticed Prince Ribbit
  5112 | D:6      | Reached * piety under Okawaru
  5123 | D:6      | Killed Prince Ribbit
  5124 | D:6      | Gained mutation: You are partially covered in large bone
                  | plates. (SH +4) [demonic ancestry]
  5124 | D:6      | Reached XP level 9. HP: 63/69 MP: 9/9
  5159 | D:6      | Identified the +10 trident "Raesimmu" {freeze, rC++ rN+
                  | Dex-5}
  5467 | D:6      | Found a glowing drain.
  5485 | Sewer    | Entered a sewer
  5810 | D:6      | Noticed Dowan
  5815 | D:6      | Noticed Duvessa
  5822 | D:6      | Killed Duvessa
  5822 | D:6      | Reached ** piety under Okawaru
  5836 | D:6      | Killed Dowan
  5924 | D:6      | Gained mutation: Your muscles are strong. (Str +4, Int/Dex
                  | -1) [potion of mutation]
  5924 | D:6      | Gained mutation: Your flesh is heat resistant. (rF+)
                  | [potion of mutation]
  5924 | D:6      | Gained mutation: You have large cloven feet. [potion of
                  | mutation]
  6048 | D:7      | Found Jorout's General Store.
  6280 | D:7      | Found a large runed translucent door.
  6281 | D:7      | Found a large runed translucent door.
  6340 | D:7      | Reached skill level 6 in Shields
  6731 | D:7      | Found a shimmering blue altar of Sif Muna.
  6740 | D:7      | Found a sacrificial altar of Ru.
  6740 | D:7      | Noticed a troll
  6746 | D:7      | Killed a troll
  6911 | D:8      | Found a sparkling altar of Nemelex Xobeh.
  6938 | D:8      | Reached *** piety under Okawaru
  6940 | D:8      | Noticed Maggie
  6957 | D:8      | Killed Maggie
  7181 | D:8      | Noticed Maurice
  7230 | D:8      | Killed Maurice
  7231 | D:8      | Gained mutation: You have a sharp stinger which inflicts
                  | weakening toxins. [demonic ancestry]
  7231 | D:8      | Reached XP level 10. HP: 69/79 MP: 8/10
  7399 | D:8      | Found a broken altar of Ashenzari.
  7552 | D:8      | Reached **** piety under Okawaru
  8136 | D:9      | Reached skill level 7 in Shields
  8511 | D:9      | Noticed Harold
  8530 | D:9      | Killed Harold
  8530 | D:9      | Reached ***** piety under Okawaru
  8561 | D:9      | Noticed Grum
  8574 | D:9      | Killed Grum
  8647 | D:9      | Noticed Psyche
  8654 | D:9      | Killed Psyche
  8937 | D:10     | Entered Level 10 of the Dungeon
  8937 | D:10     | Found a staircase to the Orcish Mines.
  8943 | D:10     | Received a gift from Okawaru
  8944 | D:10     | Reached skill level 10 in Maces & Flails
  9051 | D:10     | Found a flagged portal.
  9089 | Bailey   | Entered a bailey
  9588 | D:10     | Reached XP level 11. HP: 81/83 MP: 11/11
  9634 | D:10     | Found an opulent altar of Gozag.
  9636 | D:10     | Found a shimmering altar of Xom.
  9826 | D:10     | Noticed a two-headed ogre
  9843 | D:10     | Killed a two-headed ogre
  9958 | D:10     | Noticed Erica
  9981 | D:10     | Killed Erica
 10400 | D:11     | Found a staircase to the Lair.
 10765 | D:11     | Found a runed translucent gate.
 10765 | D:11     | Found a runed translucent gate.
 10765 | D:11     | Found a runed translucent gate.
 10765 | D:11     | Noticed cheesebisquit's ghost (journeyman MiBe)
 10768 | D:11     | Found a basalt altar of Yredelemnul.
 10934 | D:11     | Reached skill level 8 in Shields
 11517 | Lair:1   | Entered Level 1 of the Lair of Beasts
 11850 | Lair:1   | Noticed an oklob plant
 11965 | Lair:1   | Identified the +7 rapier "Jiloir" {vorpal, rN+ Int-4 Dex+3}
 12341 | Lair:2   | Noticed a seven-headed hydra
 12360 | Lair:1   | Killed a seven-headed hydra
 12360 | Lair:1   | Identified the +5 tower shield of Tomorrow {Str+7} (Okawaru
                  | gifted it to you on level 1 of the Lair of Beasts)
 12360 | Lair:1   | Received a gift from Okawaru
 12600 | Lair:2   | Found a staircase to the Shoals.
 12605 | Lair:2   | Reached XP level 12. HP: 92/96 MP: 12/12
 12719 | Lair:2   | Noticed Gastronok
 12735 | Lair:2   | Killed Gastronok
 12735 | Lair:2   | Reached ****** piety under Okawaru
 13080 | Lair:2   | Found a large runed translucent door.
 13080 | Lair:2   | Found a large runed translucent door.
 13081 | Lair:2   | Noticed Fuivviy's ghost (journeyman PaAM)
 13084 | Lair:2   | Found the +3 Elemental Staff {rElec rF++ rC++ AC+5}
 13156 | Lair:2   | Noticed a catoblepas
 13171 | Lair:2   | Killed a catoblepas
 13172 | Lair:2   | Reached skill level 9 in Shields
 13351 | Lair:2   | Reached skill level 1 in Invocations
 13378 | Lair:2   | Noticed an eight-headed hydra
 13386 | Lair:2   | Killed an eight-headed hydra
 13387 | Lair:2   | Reached skill level 10 in Fighting
 13558 | Lair:2   | Identified the +10 falchion "Uczetoem" {vamp, +Blink rCorr
                  | Str-2 Int+2}
 13561 | Lair:2   | Found a staircase to the Snake Pit.
 14437 | Lair:2   | Killed Fuivviy's ghost
 14744 | Lair:2   | Received a gift from Okawaru
 14904 | Lair:3   | Reached skill level 10 in Shields
 15039 | Lair:3   | Noticed Amaemon
 15049 | Lair:3   | Killed Amaemon
 15587 | Lair:3   | Reached skill level 5 in Invocations
 15602 | Lair:3   | Gained mutation: You are robust. (+10% HP) [demonic
                  | ancestry]
 15602 | Lair:3   | Reached XP level 13. HP: 86/114 MP: 16/16
 15902 | Lair:3   | Noticed Sonja
 15914 | Lair:3   | Killed Sonja
 16485 | Lair:4   | Found a staircase to the Slime Pits.
 16536 | Lair:4   | Reached skill level 10 in Armour
 16536 | Lair:4   | Reached skill level 11 in Shields
 17279 | Lair:5   | Entered Level 5 of the Lair of Beasts
 17408 | Lair:5   | Identified the +0 ring mail of the Elven Halls {Stlth+}
                  | (Okawaru gifted it to you on level 5 of the Lair of Beasts)
 17408 | Lair:5   | Received a gift from Okawaru
 17912 | Lair:5   | Noticed a dire elephant
 17912 | Lair:5   | Noticed a dire elephant
 17951 | Lair:5   | Noticed a dire elephant
 17951 | Lair:5   | Noticed a dire elephant
 18496 | Lair:5   | Killed a dire elephant
 18512 | Lair:5   | Killed a dire elephant
 18763 | Lair:5   | Killed a dire elephant
 18946 | Lair:5   | Reached skill level 12 in Shields
 19192 | Lair:5   | Identified the +9 rapier of the Lair of Beasts {freeze,
                  | rF++ Int+5}
 19291 | Lair:5   | Gained mutation: You are mostly covered in large bone
                  | plates. (SH +6) [demonic ancestry]
 19291 | Lair:5   | Reached XP level 14. HP: 125/125 MP: 20/20
 19762 | D:11     | Killed cheesebisquit's ghost
 19762 | D:11     | Received a gift from Okawaru
 19859 | D:12     | Noticed Jorgrun
 19876 | D:12     | Killed Jorgrun
 20855 | D:13     | Noticed Snorg
 20874 | D:13     | Killed Snorg
 21797 | D:14     | Reached skill level 13 in Shields
 21892 | D:14     | Received a gift from Okawaru
 22216 | D:14     | Found a hide-covered altar of Uskayaw.
 22358 | D:14     | Noticed Louise
 22398 | D:14     | Killed Louise
 22740 | D:14     | Found Paggieso's Jewellery Shoppe.
 23002 | D:14     | Found a gate to the Vaults.
 23174 | D:15     | Entered Level 15 of the Dungeon
 23176 | D:15     | Found a staircase to the Depths.
 23176 | D:15     | Noticed a stone giant
 23200 | D:15     | Killed a stone giant
 23201 | D:15     | Reached skill level 10 in Invocations
 23499 | Abyss:3  | Cast into level 3 of the Abyss (a wizard)
 23596 | Abyss:3  | Gained mutation: You are occasionally teleported next to
                  | monsters. [a neqoxec]
 23623 | Abyss:3  | Noticed a starcursed mass
 23803 | Abyss:3  | Noticed a tentacled starspawn
 23817 | Abyss:3  | Killed a tentacled starspawn
 23935 | Abyss:3  | Noticed a starcursed mass
 23938 | D:15     | Escaped the Abyss
 23942 | D:15     | Received a gift from Okawaru
 24124 | D:15     | Reached XP level 15. HP: 96/134 MP: 19/22
 24332 | Depths:1 | Entered Level 1 of the Depths
 24375 | D:15     | Noticed Agnes
 24396 | D:15     | HP: 6/134 [Agnes/+2 lajatang of pain (11)]
 24403 | D:15     | Mangled by Agnes

Illustrated notes

Levels and vault maps discovered:
D:1:      onia_arrival_mini_spirals, layout_loops_cross, serial_bayou,
          serial_bayou_lagoon_a, serial_bayou_pond_e, serial_bayou_pond_c,
          serial_bayou_pond_e
D:2:      layout_rooms, shapermc_ecumenical_altar_acropolis,
          minmay_misc_feat_diagonals, nrook_mini_backslash, skrybe_limestone_x,
          kennysheep_pointless_box, minmay_misc_feat_plants
D:3:      layout_loops_cross, corexii_corridor_pit, uniq_crazy_yiuf_cottage
D:4:      kennysheep_the_goblin_king, layout_basic,
          mainiacjoe_overflow_boulevard, minmay_temple_entry_purple_smoke,
          chequers_ossuary_entry_cave, chequers_avenue, nrook_campfire,
          kennysheep_potato
D:5:      layout_rooms, grunt_temple_overflow_forces_of_nature, zin_statuary,
          old_standard_altar, mainiacjoe_overflow_catwalk,
          kennysheep_vampire_church, gammafunk_temple_overflow_wave,
          nicolae_shop_i_like_big_books, uniq_eustachio
D:6:      layout_rooms, gup_sewer_entry_pipe, uniq_prince_ribbit1, uniq_duvessa,
          uniq_sigmund
D:7:      kennysheep_steamy, layout_basic, jmf_multi_god_temple2, serial_shops,
          shop
D:8:      layout_cave_pods, general_overflow_altar, evilmike_ruin_ashenzari,
          uniq_maggie, uniq_maurice
D:9:      layout_stronghold, fungi_pond_lemuel, uniq_harold, uniq_psyche,
          uniq_grum
D:10:     layout_irregular_city, chequers_temple_overflow_statue_of_worship,
          orc_0_dummy, enter_bailey_6, uniq_erica
D:11:     layout_irregular_city, lair_entry_dummy,
          nicolae_yredelemnul_ghost_church
D:12:     layout_loops_ring, uniq_jorgrun
D:13:     layout_gridville, billiards_dpeg, uniq_snorg
D:14:     layout_irregular_city, ximxim_vaults_locker_room, serial_shops,
          nicolae_shop_stone, lemuel_coloured_pillars_altar, uniq_louise
D:15:     grunt_enter_depths_giant_problem, layout_loops_corners,
          chequers_serial_rivers_large_b, uniq_agnes
Temple:   hellmonk_temple_of_storms
Lair:1:   layout_chaotic_city, grunt_megastairs_1, lemuel_fruit_fields,
          infiniplex_staircase_pool_2
Lair:2:   layout_cave_pods, minmay_shoals_entry_beasts,
          minmay_snake_entry_guardpost_large, ebering_ghost_disaster_area,
          enter_volcano_2, infiniplex_staircase_pool, uniq_gastronok
Lair:3:   layout_layer_cave, uniq_sonja, uniq_amaemon
Lair:4:   layout_loops_ring, minmay_slime_entry_oklob_open, grunt_megastairs_5
Lair:5:   due_jungle_book, layout_loops_ring
Depths:1: layout_basic, hell_entry, nicolae_hepliaklqana_monster_ancestors

Skill      XL: |  1  2  3  4  5  6  7  8  9 10 11 12 13 14 |
---------------+-------------------------------------------+-----
Maces & Flails | 2 3 4 5 7 8 10 11 12 | 12.6
Armour         | 3 4 5 6 7 8 9 10 11 | 11.6
Shields        | 3 4 5 6 7 8 10 12 13 | 13.5
Fighting       | 4 5 6 7 8 9 10 11 12 | 12.7
Invocations    | 5 8 10 | 10.0

Action                   |  1- 3 |  4- 6 |  7- 9 | 10-12 | 13-15 || total
-------------------------+-------+-------+-------+-------+-------++-------
Melee: Flail             |   127 |     5 |       |       |       ||   132
       Whip              |       |   103 |   336 |   766 |       ||  1205
       Tailslap          |       |    11 |    50 |   179 |   160 ||   400
       Kick              |       |       |    33 |   336 |   355 ||   724
       Demon whip        |       |       |       |    72 |   685 ||   757
       Eveningstar       |       |       |       |       |   121 ||   121
Evoke: Wand              |       |       |       |       |     1 ||     1
  Use: Scroll            |       |       |    10 |     8 |    19 ||    37
       Potion            |       |       |     1 |    10 |     6 ||    17
 Stab: Petrified         |       |       |       |     5 |       ||     5
Armor: Chain mail        |   118 |    31 |       |       |       ||   149
       Plate armour      |       |    29 |   164 |   280 |   161 ||   634
Dodge: Dodged            |    55 |    18 |    32 |   100 |    64 ||   269
Block: Buckler           |    44 |    26 |   102 |   158 |       ||   330
       Tower shield      |       |       |       |   426 |   779 ||  1205
